 Dungeon Crawl Stone Soup version 0.23.2-1-ga50397a (webtiles) character file.

Game seed: 2719850406613953391

100005 Elitist the Peltast (level 16, -2/93 HPs)
             Began as a Gargoyle Fighter on Apr 29, 2019.
             Was the Champion of Hepliaklqana.
             Killed from afar by a thorn hunter (31 damage)
             ... with a volley of thorns
             ... on level 3 of the Swamp.
             The game lasted 01:13:39 (24168 turns).

Elitist the Peltast (Gargoyle Fighter)             Turns: 24168, Time: 01:13:39

Health: -2/93      AC: 45    Str: 22    XL:     16   Next: 26%
Magic:  22/22      EV: 13    Int: 14    God:    Hepliaklqana [******]
Gold:   976        SH: 15    Dex: 15    Spells: 15/15 levels left

rFire    + . .     SeeInvis .   a - +2 flail (protect)
rCold    . . .     Gourm    +   c - +1 shield
rNeg     + . .     Faith    .   w - +9 chain mail of the Blue Skies {Int+4 Dex+2 Slay+3 Stlth+}
rPois    ∞         Spirit   .   C - +0 helmet
rElec    +         Reflect  .   N - +0 cloak
rCorr    .         Harm     .   (no gloves)
MR       ++...                  o - +1 pair of boots {Fly}
Stlth    ..........             d - amulet of the gourmand
HPRegen  0.25/turn              n - ring of protection from magic
MPRegen  0.18/turn              u - ring of protection from fire

@: protection aura, flying
A: reduced essence, big wings, negative energy resistance 1, electricity
resistance, unbreathing, petrification resistance, rot immunity, AC +12
a: Stop Flying, Recall Ancestor, Ancestor Identity, Transference, Idealise,
Renounce Religion


You were on level 3 of the Swamp.
You worshipped Hepliaklqana.
Hepliaklqana was exalted by your worship.
You were very full.

You visited 4 branches of the dungeon, and saw 25 of its levels.

You collected 1324 gold pieces.
You spent 348 gold pieces at shops.

Inventory:

Hand Weapons
 a - a +2 flail of protection (weapon)
 b - the +9 staff of Olgreb {rPois}
   (You found it on level 5 of the Dungeon)

   It protects you from poison.
Missiles
 m - 5 throwing nets
 K - 5 javelins (quivered)
Armour
 c - a +1 shield (worn)
 o - a +1 pair of boots of flying (worn)
 w - the +9 chain mail of the Blue Skies (worn) {Int+4 Dex+2 Slay+3 Stlth+}
   (You found it on level 7 of the Dungeon)

   It affects your intelligence (+4).
   It affects your dexterity (+2).
   It affects your accuracy and damage with ranged weapons and melee attacks
   (+3).
   It makes you more stealthy.
 C - a +0 helmet (worn)
 N - a +0 cloak (worn)
Jewellery
 d - an amulet of the gourmand (around neck)
 n - a ring of protection from magic (left hand)
 t - a +5 ring of dexterity
 u - a ring of protection from fire (right hand)
Wands
 f - a wand of iceblast (5)
 s - a wand of scattershot (3)
 O - a wand of acid (12)
Scrolls
 g - 9 scrolls of remove curse
 i - 5 scrolls of identify
 l - 2 scrolls of silence
 p - 10 scrolls of teleportation
 q - 9 scrolls of enchant armour
 v - 6 scrolls of fog
 x - 2 scrolls of enchant weapon
 z - 7 scrolls of immolation
 B - 2 scrolls of fear
 H - 2 scrolls of blinking
 J - 2 scrolls of magic mapping
Potions
 j - 6 potions of brilliance
 k - 2 potions of cancellation
 D - 5 potions of heal wounds
 E - 2 potions of mutation
 F - 4 potions of curing
 G - 2 potions of haste
 L - 2 potions of agility
 P - a potion of berserk rage
 Q - a potion of resistance
Miscellaneous
 h - a phial of floods
Comestibles
 e - 37 rations


   Skills:
 + Level 13.4 Fighting
 - Level 15.0 Maces & Flails
 - Level 11.0 Armour
 - Level 8.0 Dodging
 + Level 15.1 Shields
 + Level 8.2 Invocations
 + Level 2.4 Evocations


You had 15 spell levels left.
You didn't know any spells.
Your spell library contained the following spells:

 Spells                   Type           Power        Failure   Level  Hunger
 Apportation              Tloc           #.....       86%         1    ##.....
 Beastly Appendage        Tmut           #.....       86%         1    ##.....
 Freeze                   Ice            #...         86%         1    ##.....
 Sandblast                Erth           #.....       86%         1    ##.....
 Summon Butterflies       Summ           #.......     86%         1    ##.....
 Passwall                 Tmut/Erth      #.......     94%         2    ###....
 Sticks to Snakes         Tmut           #.......     94%         2    ###....
 Throw Frost              Conj/Ice       #.....       94%         2    ###....
 Lesser Beckoning         Tloc           #.........   99%         3    ####...
 Ozocubu's Armour         Chrm/Ice       #.......     99%         3    ####...
 Spider Form              Tmut/Pois      #.........   99%         3    ####...
 Stone Arrow              Conj/Erth      #.....       99%         3    ####...
 Tukima's Dance           Hex            #.......     99%         3    ####...
 Ice Form                 Ice/Tmut       #.......     100%        4    #####..
 Leda's Liquefaction      Hex/Erth       #.........   100%        4    #####..
 Petrify                  Tmut/Erth      #.......     100%        4    #####..
 Summon Ice Beast         Ice/Summ       #.......     100%        4    #####..
 Throw Icicle             Conj/Ice       #.......     100%        4    #####..
 Alistair's Intoxication  Tmut/Pois      #.......     100%        5    ######.
 Blade Hands              Tmut           #.........   100%        5    ######.
 Bolt of Magma            Conj/Fire/Erth #.........   100%        5    ######.
 Lee's Rapid Deconstruct  Erth           #.........   100%        5    ######.
 Invisibility             Hex            #.......     100%        6    #######
 Iron Shot                Conj/Erth      #.........   100%        6    #######
 Shatter                  Erth           #.........   100%        9    #######
 Statue Form              Tmut/Erth      Unusable     N/A         6    N/A

Dungeon Overview and Level Annotations

Branches:
Dungeon (15/15)            Temple (1/1) D:4            Lair (6/6) D:8
  Swamp (3/4) Lair:2       Spider (0/4) Lair:3        Slime (0/5) Lair:5
    Orc (0/2) D:10         Vaults (0/5) D:13
 Depths: D:15

Altars:
Ashenzari
Cheibriados
Dithmenos
Elyvilon
Fedhas
Gozag
Hepliaklqana
Kikubaaqudgha
Makhleb
Nemelex Xobeh
Okawaru
Qazlal
Ru
Sif Muna
Trog
Uskayaw
Vehumet
Wu Jian
Xom
Yredelemnul
Zin
The Shining One

Shops:
D:7 !   D:11 ?

Annotations:
D:5 1 runed translucent door, durn's ghost, novice DESu
D:14 exclusion: Roxanne, Roxanne


Innate Abilities, Weirdness & Mutations

You are resistant to torment.
Your stone body is resilient. (AC +12)
You are immune to poison.
Your large and strong wings let you fly indefinitely.
You resist negative energy. (rN+)
You are resistant to electric shocks. (rElec)
You can survive without breathing.
You are immune to petrification.
You are immune to rotting.
Your life essence is reduced to manifest your ancestor. (-10% HP)


Message History

The briar patch is destroyed!
Bruk hits the briar patch with a +0 broad axe of flaming!
Bruk burns the briar patch.
The thorn hunter gestures.
The alligator closely misses you. The alligator barely misses you.
You hit the thorn hunter.
The thorn hunter is severely damaged.
You block the thorn hunter's attack. x2
The alligator bites you but does no damage.
The alligator tail-slaps you but does no damage.
Unknown command.
You sock the thorn hunter!
The thorn hunter is almost destroyed.
Bruk hits the thorn hunter with a +0 broad axe of flaming!
Bruk burns the thorn hunter.
Bruk hits the briar patch but does no damage.
The alligator barely misses you. You block the alligator's attack.
The thorn hunter fires a volley of thorns at you.
The volley of thorns hits you!!
You die...

.≈≈≈.≈≈≈♣ ≈≈≈≈.≈♣♣♣
≈≈≈..♣♣ ..≈...♣ ♣♣♣♣
♣≈..≈≈♣ ♣♣...♣♣♣♣♣ ≈
...♣♣♣♣♣♣≈.≈≈≈.≈≈♣♣♣♣♣.≈
...♣..♣♣..≈≈≈≈≈≈.≈§...♣
♣.†≈≈≈≈..≈≈≈≈≈≈≈≈...≈≈♣♣
.††≈≈♣...≈≈≈≈≈≈P@t.≈≈...
†≈†?.♣♣ ♣.≈..≈≈Rf.......
≈≈≈≈≈≈♣ ♣♣≈≈.≈≈≈≈≈≈.♣♣♣.
≈≈≈≈≈≈♣ ♣§♣♣...PP≈≈≈.≈
≈≈≈≈..♣♣♣♣♣...♣.≈≈≈≈≈...
.≈≈..§≈..♣≈..≈...≈≈≈≈≈≈)
≈≈≈♣♣.≈≈..≈≈≈≈≈≈.♣♣♣.≈..
♣♣♣♣♣♣...≈≈≈≈≈≈≈.♣ ♣.≈.
♣ ♣♣≈.≈≈≈≈≈≈.≈♣ ♣.


You could see the friendly Bruk the knight, a thorn hunter and an alligator.

Vanquished Creatures
  A thorn hunter (Swamp:2)
  3 vault guards (D:13)
  3 hydras
  3 shambling mangroves
  3 alligators
  5 centaur warriors
  5 two-headed ogres
  A two-headed ogre (shapeshifter) (D:14)
  3 death yaks (Lair:5)
  3 tengu warriors
  2 spriggans
  Urug (D:9)
  6 skeletal warriors
  2 swamp dragons (Swamp:1)
  A deep elf mage (D:12)
  7 ugly things
  6 cyclopes
  A manticore (D:14)
  A centaur zombie (D:11)
  2 elephants (Lair:4)
  A black mamba (Lair:5)
  Maurice (D:13)
  2 molten gargoyles (Lair:3)
  9 spiny frogs
  A torpor snail (Lair:3)
  2 centaur skeletons
  A rime drake (Lair:4)
  3 komodo dragons
  4 tyrant leeches
  A troll (D:10)
  Grinder (D:4)
  7 hornets
  13 blink frogs
  10 hippogriffs
  3 bog bodies
  4 slime creatures
  A hippogriff (shapeshifter) (D:11)
  2 shadows
  2 wyverns
  6 yaks
  A basilisk (Lair:1)
  2 hungry ghosts
  8 vampire mosquitoes
  3 insubstantial wisps (Swamp:3)
  Edmund (D:5)
  7 soldier ants
  4 swamp worms
  8 water moccasins
  7 porcupines
  Duvessa (D:6)
  4 orc warriors
  3 ice beasts
  4 sky beasts
  3 swamp drakes
  An eye of draining (shapeshifter) (D:14)
  3 eyes of draining
  A boggart (D:11)
  2 necrophages
  5 ogres
  A wolf (Lair:4)
  12 centaurs
  8 crocodiles
  3 big kobolds
  Blork the orc (D:4)
  A gnoll sergeant (D:11)
  12 bullfrogs
  Dowan (D:6)
  2 scorpions
  10 killer bees
  2 howler monkeys
  13 wights
  2 electric eels (Lair:1)
  10 crimson imps
  3 quasits
  4 lava snakes (Lair:3)
  A bullfrog skeleton (D:5)
  13 orc wizards
  4 orc priests
  6 hounds
  7 jellies
  Ijyb (D:3)
  3 iguanas
  Terence (D:3)
  11 worker ants
  Natasha (D:3)
  A hound zombie (D:7)
  3 hound skeletons
  9 gnolls
  12 adders
  3 shadow imps
  3 oozes
  2 adder skeletons
  3 dart slugs
  7 leopard geckos
  39 orcs
  3 bats
  8 giant cockroaches
  7 hobgoblins
  17 jackals
  18 kobolds
  3 quokkas
  9 frilled lizards
  8 goblins
  A jackal zombie (D:5)
  A leopard gecko skeleton (D:4)
  8 rats
  2 briar patches
501 creatures vanquished.

Vanquished Creatures (collateral kills)
  Rupert (Lair:4)
  6 hydras
  A vault guard (D:13)
  Harold (D:9)
  A ghost crab (Swamp:1)
  A two-headed ogre (D:11)
  A centaur warrior (D:11)
  An ogre mage (D:13)
  A tengu warrior (D:14)
  A death yak (Lair:5)
  An alligator (Swamp:1)
  A skeletal warrior (D:13)
  3 unseen horrors
  A manticore (D:13)
  3 ugly things (D:14)
  A wolf spider zombie (D:13)
  An oklob plant (Lair:5)
  2 centaur zombies
  A black mamba (Lair:3)
  An elephant (Lair:4)
  3 spiny frogs
  2 gargoyles
  A centaur skeleton (D:13)
  A komodo dragon (Lair:3)
  A tengu conjurer (D:13)
  A troll (D:12)
  A tyrant leech (Swamp:2)
  A polar bear (Lair:5)
  4 slime creatures
  4 blink frogs
  5 hornets
  A bog body (Swamp:2)
  2 hippogriffs
  9 yaks
  6 vampire mosquitoes
  4 swamp worms
  3 water moccasins
  A swamp drake (Swamp:2)
  3 orc warriors
  2 sky beasts
  4 wolves (Lair:4)
  2 ogres
  3 crocodiles
  2 big kobolds
  4 bullfrogs
  A wyvern zombie (D:13)
  A scorpion (D:8)
  4 killer bees
  3 wights
  2 crimson imps
  A bullfrog zombie (D:11)
  A lava snake (Lair:3)
  3 hounds
  2 jellies
  3 orc priests
  2 orc wizards
  4 worker ants
  3 adders
  A gnoll (D:8)
  A shadow imp (D:10)
  2 oozes (Lair:5)
  A leopard gecko (D:6)
  13 orcs
  A giant cockroach (D:8)
  10 kobolds
  6 briar patches
  A plant (Lair:1)
166 creatures vanquished.

Vanquished Creatures (others)
  A swamp worm (Swamp:2)
  An orc wizard (D:9)
  5 knights
  An ancestor (D:5)
  2 briar patches
  A bush (Lair:5)
11 creatures vanquished.

Grand Total: 678 creatures vanquished

Notes
Turn   | Place    | Note
-------+----------+-------------------------------------------
     0 | D:1      | Elitist the Gargoyle Fighter began the quest for the Orb.
     0 | D:1      | Reached XP level 1. HP: 14/14 MP: 1/1
    51 | D:1      | Reached XP level 2. HP: 16/19 MP: 2/2
   333 | D:1      | Reached XP level 3. HP: 24/24 MP: 3/3
   721 | D:2      | Reached XP level 4. HP: 30/30 MP: 4/4
  1095 | D:2      | Reached skill level 5 in Fighting
  1095 | D:2      | Reached XP level 5. HP: 20/35 MP: 5/5
  1610 | D:3      | Found a shadowy altar of Dithmenos.
  1823 | D:3      | Noticed Natasha
  1826 | D:3      | Killed Natasha
  1826 | D:3      | Reached XP level 6. HP: 40/40 MP: 6/6
  1835 | D:3      | Noticed Ijyb
  1843 | D:3      | Killed Ijyb
  1855 | D:3      | Noticed Terence
  1881 | D:3      | Killed Terence
  1993 | D:3      | Noticed a necrophage
  2010 | D:3      | Killed a necrophage
  2010 | D:3      | Reached skill level 5 in Maces & Flails
  2395 | D:3      | You fall through a shaft for 2 floors!
  2395 | D:5      | Entered Level 5 of the Dungeon
  2408 | D:5      | Reached XP level 7. HP: 33/47 MP: 7/7
  2512 | D:5      | Found the +9 staff of Olgreb {rPois}
  2516 | D:5      | Found a runed translucent door.
  2738 | D:5      | Noticed a soldier ant
  2740 | D:5      | Found a runed translucent gate.
  2740 | D:5      | Found a runed translucent gate.
  2740 | D:5      | Noticed a soldier ant
  2741 | D:5      | Found a runed translucent door.
  2743 | D:5      | Noticed a soldier ant
  2751 | D:5      | Found a runed translucent gate.
  2754 | D:5      | Noticed a soldier ant
  3229 | D:5      | Found a runed translucent door.
  3231 | D:5      | Noticed durn's ghost (novice DESu)
  3255 | D:5      | Reached XP level 8. HP: 53/53 MP: 8/8
  3328 | D:5      | Noticed a hippogriff
  3347 | D:5      | Killed a hippogriff
  3880 | D:4      | Found a blossoming altar of Fedhas.
  3880 | D:4      | Found a faded altar of an unknown god.
  3885 | D:4      | Found a deep blue altar of Sif Muna.
  3887 | D:4      | Found a faded altar of an unknown god.
  3888 | D:4      | Found a sparkling altar of Nemelex Xobeh.
  3931 | D:4      | Noticed Grinder
  3935 | D:4      | Found a staircase to the Ecumenical Temple.
  3959 | D:4      | Killed Grinder
  3962 | Temple   | Entered the Ecumenical Temple
  4193 | Temple   | Became a worshipper of Hepliaklqana the Forgotten
  4194 | Temple   | HI BRUK HI HI HI BRUK.
  4194 | Temple   | HI BRUK I LOVE YOU HI.
  4194 | Temple   | HI BRUK.
  4194 | Temple   | HI BRUK I FOUND THE ORB BUT I WANTED YOU TO SEE IT TOO.
  4194 | Temple   | LET'S GO SEE THE ORB BRUK.
  4211 | D:4      | Noticed Blork the orc
  4219 | D:4      | Killed Blork the orc
  4297 | D:4      | Reached skill level 5 in Armour
  4297 | D:4      | Reached skill level 5 in Shields
  4376 | D:4      | Found a snail-covered altar of Cheibriados.
  4611 | D:5      | Reached XP level 9. HP: 51/51 MP: 9/9
  5248 | D:5      | Noticed Edmund
  5273 | D:5      | Killed Edmund
  6027 | D:6      | Found a bloodstained altar of Trog.
  6092 | D:6      | Reached * piety under Hepliaklqana
  6170 | D:6      | Found an ancient bone altar of Kikubaaqudgha.
  6178 | D:6      | Reached skill level 1 in Invocations
  6248 | D:6      | Noticed Duvessa
  6248 | D:6      | Noticed Dowan
  6263 | D:6      | Killed Duvessa
  6263 | D:6      | Reached skill level 1 in Evocations
  6266 | D:6      | Killed Dowan
  6368 | D:7      | Identified the +9 chain mail of the Blue Skies {Int+4 Dex+2
                  | Slay+3 Stlth+} (You found it on level 7 of the Dungeon)
  6484 | D:7      | Reached XP level 10. HP: 53/56 MP: 11/11
  6605 | D:7      | Found Ohokyihe's Distillery.
  6622 | D:7      | Bought a potion of mutation for 104 gold pieces
  6622 | D:7      | Bought a potion of curing for 39 gold pieces
  6622 | D:7      | Bought a potion of haste for 130 gold pieces
  7087 | D:8      | Reached ** piety under Hepliaklqana
  7225 | D:8      | Remembered your ancestor Bruk as a knight
  7246 | D:8      | Found a staircase to the Lair.
  7937 | D:9      | Reached skill level 5 in Invocations
  8260 | D:9      | Found a glowing golden altar of the Shining One.
  8309 | D:9      | Reached XP level 11. HP: 63/63 MP: 14/14
  8481 | D:9      | Reached skill level 10 in Maces & Flails
  8764 | D:10     | Entered Level 10 of the Dungeon
  8766 | D:10     | Noticed Harold
  8766 | D:10     | Noticed Urug
  8867 | D:9      | Killed Urug
  9090 | D:9      | Killed Harold
  9090 | D:9      | Reached skill level 10 in Fighting
  9241 | D:10     | Found a staircase to the Orcish Mines.
  9359 | D:10     | Killed an unseen horror
  9704 | D:10     | Reached *** piety under Hepliaklqana
 10186 | D:11     | Noticed a cyclops
 10210 | D:11     | Killed a cyclops
 10260 | D:11     | Noticed a two-headed ogre
 10268 | D:11     | Killed a two-headed ogre
 10311 | D:11     | Noticed a two-headed ogre
 10320 | D:11     | Killed a two-headed ogre
 10357 | D:11     | Noticed a cyclops
 10358 | D:11     | Noticed a centaur warrior
 10366 | D:11     | Killed a cyclops
 10366 | D:11     | Reached XP level 12. HP: 53/72 MP: 15/15
 10389 | D:11     | Killed a centaur warrior
 10409 | D:11     | Reached skill level 10 in Armour
 10409 | D:11     | Reached skill level 10 in Shields
 10409 | D:11     | Reached XP level 13. HP: 34/76 MP: 8/16
 10749 | D:11     | Found Dopsi's Magic Scroll Shoppe.
 10753 | D:11     | Bought a scroll of silence for 75 gold pieces
 11394 | D:12     | Reached **** piety under Hepliaklqana
 12284 | D:13     | Noticed Maurice
 12294 | D:13     | Killed Maurice
 12773 | D:13     | Reached skill level 1 in Dodging
 12856 | D:13     | Reached ***** piety under Hepliaklqana
 12868 | D:13     | Noticed a vault guard
 12869 | D:13     | Found a gate to the Vaults.
 12869 | D:13     | Noticed a vault guard
 12869 | D:13     | Noticed a vault guard
 12878 | D:13     | Noticed a vault guard
 12894 | D:13     | Killed a vault guard
 12915 | D:13     | Killed a vault guard
 12922 | D:13     | Gained mutation: Your large and strong wings let you fly
                  | indefinitely. [Gargoyle growth]
 12922 | D:13     | Reached XP level 14. HP: 50/82 MP: 18/18
 15110 | D:14     | Found a blossoming altar of Fedhas.
 15871 | D:14     | Identified Roxanne's Incunabulum of the Rocks
 15871 | D:14     | Noticed Roxanne
 16245 | D:15     | Entered Level 15 of the Dungeon
 16522 | Lair:1   | Entered Level 1 of the Lair of Beasts
 16720 | Lair:1   | Reached skill level 5 in Dodging
 17559 | Lair:2   | Found a staircase to the Swamp.
 17805 | Lair:2   | Reached XP level 15. HP: 81/89 MP: 21/21
 18660 | Lair:3   | Reached ****** piety under Hepliaklqana
 19189 | Lair:3   | Found a hole to the Spider Nest.
 19409 | Lair:4   | Noticed Rupert
 19430 | Lair:4   | Killed Rupert
 20671 | Lair:5   | Found a staircase to the Slime Pits.
 21358 | Lair:6   | Entered Level 6 of the Lair of Beasts
 21513 | Swamp:1  | Entered Level 1 of the Swamp
 22872 | Swamp:2  | Reached skill level 15 in Maces & Flails
 22886 | Swamp:2  | Reached XP level 16. HP: 92/93 MP: 22/22
 23415 | Swamp:2  | Noticed a thorn hunter
 23437 | Swamp:2  | Killed a thorn hunter
 23697 | Swamp:3  | Reached skill level 15 in Shields
 24146 | Swamp:3  | Noticed a thorn hunter
 24168 | Swamp:3  | Killed from afar by a thorn hunter

Skill      XL: |  1  2  3  4  5  6  7  8  9 10 11 12 13 14 15 16 |
---------------+-------------------------------------------------+-----
Fighting       | 4 5 6 7 9 11 12 13 | 13.4
Maces & Flails | 3 4 5 7 8 9 11 12 13 15 | 15.0
Armour         | 5 7 8 10 11 | 11.0
Shields        | 5 7 8 10 11 12 14 15 | 15.1
Invocations    | 1 5 6 8 |  8.2
Evocations     | 1 2 |  2.4
Dodging        | 2 5 7 8 |  8.0

Action                   |  1- 3 |  4- 6 |  7- 9 | 10-12 | 13-15 | 16-18 || total
-------------------------+-------+-------+-------+-------+-------+-------++-------
Melee: Flail             |   100 |   270 |   434 |   475 |  1389 |   204 ||  2872
 Fire: Hunting sling     |       |     5 |    25 |     3 |       |       ||    33
Throw: Throwing net      |       |       |     1 |       |       |       ||     1
       Javelin           |       |       |       |     4 |     4 |       ||     8
Invok: Ancestor Identity |       |       |     2 |       |       |       ||     2
       Recall Ancestor   |       |       |     2 |     8 |     8 |       ||    18
       Ancestor Life: Kn |       |       |       |     1 |       |       ||     1
 Abil: Evoke Flight      |       |       |     1 |       |       |       ||     1
       Fly               |       |       |       |       |     1 |       ||     1
Evoke: Staff of Olgreb   |       |       |     3 |       |     8 |       ||    11
       Wand              |       |       |     1 |     3 |     3 |       ||     7
       Phial of floods   |       |       |       |       |     2 |       ||     2
       Box of beasts     |       |       |       |       |     1 |       ||     1
  Use: Scroll            |     2 |       |    11 |     1 |     6 |       ||    20
       Potion            |       |       |    10 |     1 |     2 |       ||    13
 Stab: Invisible         |       |       |     1 |       |     1 |       ||     2
       Distracted        |       |       |     2 |     2 |    14 |     7 ||    25
       Confused          |       |       |       |       |     1 |       ||     1
  Eat: Chunk             |       |     6 |     3 |    14 |    47 |     3 ||    73
       Ration            |       |       |     3 |       |     2 |       ||     5
Armor: Scale mail        |    53 |    87 |    28 |       |       |       ||   168
       Chain mail        |       |    46 |   232 |   278 |   645 |    87 ||  1288
Dodge: Dodged            |    24 |    79 |   104 |   100 |   345 |    76 ||   728
Block: Shield            |    51 |   123 |   222 |   270 |   795 |   130 ||  1591
